 Dungeon Crawl Stone Soup version 0.23.1 (webtiles) character file.

Game seed: 4030893581742918234

14 Monsterracer the Insei (level 2, 0/22 HPs)
             Began as a Merfolk Transmuter on Mar 2, 2019.
             Slain by Terence
             ... wielding a +0 mace
              (10 damage)
             ... on level 1 of the Dungeon.
             The game lasted 00:00:44 (888 turns).

Monsterracer the Insei (Merfolk Transmuter)          Turns: 888, Time: 00:00:45

Health: 0/22       AC:  3    Str: 12    XL:     2   Next: 41%
Magic:  5/5        EV: 13    Int: 12    God:
Gold:   47         SH:  0    Dex: 14    Spells: 4/5 levels left

rFire    . . .     SeeInvis .     - Unarmed
rCold    . . .     Gourm    .   (no shield)
rNeg     . . .     Faith    .   b - +0 robe
rPois    .         Spirit   .   (no helmet)
rElec    .         Reflect  .   (no cloak)
rCorr    .         Harm     .   (no gloves)
MR       .....                  a - +0 pair of boots
Stlth    +.........             (no amulet)
HPRegen  0.07/turn              i - +2 ring of strength
MPRegen  0.09/turn              (no ring)

@: no status effects
A: change form in water, swift swim, stealthy swim
a: no special abilities


You were on level 1 of the Dungeon.
You were not hungry.

You visited 1 branch of the dungeon, and saw 2 of its levels.

You collected 47 gold pieces.


   Skills:
 + Level 1.7 Fighting
 - Level 2.6 Dodging
 * Level 3.9 Unarmed Combat
 - Level 2.0 Spellcasting
 - Level 2.6 Transmutations


You had 4 spell levels left.
You knew the following spells:

 Your Spells              Type           Power        Failure   Level  Hunger
j - Beastly Appendage     Tmut           #.....       9%          1    ##.....

Your spell library contained the following spells:

 Spells                   Type           Power        Failure   Level  Hunger
 Sticks to Snakes         Tmut           #.......     14%         2    ###....
 Spider Form              Tmut/Pois      #.........   43%         3    ####...
 Ice Form                 Ice/Tmut       #.......     83%         4    #####..
 Blade Hands              Tmut           #.........   94%         5    ######.

Inventory:

Armour
 a - a +0 pair of boots (worn)
   (You found it on level 1 of the Dungeon)
 b - a +0 robe (worn)
Jewellery
 i - a +2 ring of strength (left hand)
   (You found it on level 1 of the Dungeon)
 l - an uncursed ring of protection from magic {unknown}
   (You found it on level 1 of the Dungeon)
Scrolls
 g - a scroll of remove curse {unknown}
 m - a scroll of immolation {unknown}
Potions
 d - a potion of invisibility {unknown}
 e - 2 potions of curing {unknown}
 f - a potion of haste {unknown}
 h - 3 potions of heal wounds {unknown}
 j - a potion of flight {unknown}
 k - a potion of resistance {unknown}
 n - a potion of degeneration {unknown}
Comestibles
 c - 4 rations

Dungeon Overview and Level Annotations

Branches:
Dungeon (2/15)

Altars:

Annotations:
D:1 Terence

######## #......# ####
#......##########...
########...............'...
#.........@@.........###.(†
#.#########...######...'...
#.#.......##### ##..#...
#......##.# #..#...
#......##.# #..####
#......##.# #.....#
#.#+#####.# #.....# #...#
#.# #.....# ##### #.#
##..###


You could see Terence.


Message History

No target in view!
Found 28 stones.
No target in view!
c - 4 rations (gained 1) Key pressed, stopping explore.
No target in view!
No target in view!
Done exploring.
No target in view!
Done exploring.
No target in view!
Done exploring.
You open the door.
There is an open door here.
There is a stone staircase leading down here.
You climb downwards.
Found 15 stones.
There is a stone staircase leading up here.
You see here 15 stones.
Found a stone staircase leading up.
A kobold comes into view. It is wielding a +0 dagger.
The kobold shouts!
You hear a shout!
The kobold throws a stone.
The stone closely misses you.
A kobold is nearby!
The kobold throws a stone.
The stone hits you but does no damage.
The kobold throws a stone.
The stone barely misses you. The kobold hits you with a +0 dagger.
You take 2 damage, and have 20/22 hp.
You closely miss the kobold. You hit the kobold.
You kill the kobold!
Terence the Incautious comes into view.
He is wielding a +0 mace.
Terence is nearby!
A goblin comes into view. It is wielding a +0 dagger.
The goblin shouts!
Terence shouts, "Get ready for death!"
Terence hits you with a +0 mace.
Found a stone staircase leading down.
Things that are here:
a +0 dagger; 2 stones You take 4 damage, and have 16/22 hp.
There are monsters nearby!
You completely miss Terence.
A kobold comes into view.
Terence closely misses you.
Terence screams, "I'm going to kill you!"
You hit Terence.
Terence is moderately wounded.
Terence hits you with a +0 mace.
You take 2 damage, and have 16/22 hp.
You hit Terence but do no damage.
Terence is moderately wounded.
You hit Terence but do no damage.
Terence is moderately wounded.
Terence shouts, "Now you die!" Terence hits you with a +0 mace.
You take 1 damage, and have 15/22 hp.
You hit Terence but do no damage.
Terence is moderately wounded.
Terence barely misses you.
You barely miss Terence.
Terence is moderately wounded.
Terence closely misses you.
You closely miss Terence.
Terence is moderately wounded.
You hit Terence.
Terence is moderately wounded.
Terence barely misses you.
You barely miss Terence.
Terence is moderately wounded.
Terence barely misses you.
You hit Terence.
Terence is heavily wounded.
Terence barely misses you.
You hit Terence but do no damage.
Terence is heavily wounded.
Terence hits you but does no damage.
You barely miss Terence.
Terence is heavily wounded.
You hit Terence but do no damage.
Terence is heavily wounded.
Terence hits you with a +0 mace!
* * * LOW HITPOINT WARNING * * *
You take 7 damage, and have 8/22 hp.
MASSIVE DAMAGE!!
You hit Terence.
Terence is heavily wounded.
Terence closely misses you.
There is a stone staircase leading up here.
You closely miss Terence.
Terence is heavily wounded.
Terence barely misses you. Terence closely misses you.
You climb upwards.
There is a stone staircase leading down here.
You hit Terence.
Terence is severely wounded.
You hit Terence but do no damage.
Terence is severely wounded.
Terence hits you with a +0 mace!
You die...

Action                   || total
-------------------------++-------
Melee: Unarmed           ||    49
       Punch             ||     1
 Stab: Sleeping          ||     2
Armor: Robe              ||     7
Dodge: Dodged            ||    20

Levels and vault maps discovered:
D:1:      tarquinn_simple_flora_water_e, layout_basic
D:2:      layout_basic, nicolae_ashenzari_panopticon, uniq_terence, uniq_robin

Notes
Turn   | Place    | Note
-------+----------+-------------------------------------------
     0 | D:1      | Monsterracer the Merfolk Transmuter began the quest for the
                  | Orb.
     0 | D:1      | Reached XP level 1. HP: 15/15 MP: 3/3
   541 | D:1      | Reached XP level 2. HP: 20/21 MP: 5/5
   841 | D:2      | Noticed Terence
   872 | D:2      | HP: 8/22 [Terence/+0 mace (7)]
   888 | D:1      | Slain by Terence

Vanquished Creatures
  A dart slug (D:1)
  2 bats (D:1)
  A goblin (D:1)
  3 kobolds (D:1 D:2)
  A ball python (D:1)
  4 rats (D:1)
12 creatures vanquished.

Table legend:
 A = Turns spent in this place as a percentage of turns spent in the entire game.
 B = Non-inter-level travel turns spent in this place as a percentage of non-inter-level travel turns spent in the entire game.
 C = Inter-level travel turns spent in this place as a percentage of turns spent in this place.
 D = Turns resting spent in this place as a percentage of non-inter-level travel turns spent in this place.
 E = Turns spent auto-exploring this place as a percentage of non-inter-level travel turns spent in this place.
 F = Non-inter-level travel turns spent in this place divided by the number of levels of this place that you've seen.
                   A       B       C       D       E      F
               +-------+-------+-------+-------+-------+----------------------
         Total | 100.0 | 100.0 |   1.8 |   0.0 |  82.9 | 436.0
       Dungeon | 100.0 | 100.0 |   1.8 |   0.0 |  82.9 | 436.0
               +-------+-------+-------+-------+-------+----------------------

Table legend:
 A = Non-vault XP
 B = Vault XP
 C = Vault XP percentage of total XP
 D = Non-vault monster count
 E = Vault monster count
 F = Vault count percentage of total count
                 A         B        C        D         E       F
            +---------+---------+-------+---------+---------+-------
      Total |      20 |       0 |   0.0 |      12 |       0 |   0.0
            +---------+---------+-------+---------+---------+-------
        D:1 |      18 |       0 |   0.0 |      11 |       0 |   0.0
        D:2 |       2 |       0 |   0.0 |       1 |       0 |   0.0
            +---------+---------+-------+---------+---------+-------
